[Event "Late-Titled-Tuesday-Blitz-September-26-2023"]
[Site "Chess.com"]
[Date "2023.09.26"]
[Round "9"]
[White "vanyakuba"]
[Black "MajorCoast"]
[Result "1/2-1/2"]
[WhiteElo "2384"]
[BlackElo "2282"]
[TimeControl "180+1"]
[EndTime "15:40:57 PDT"]
[Termination "Game drawn by repetition"]

1. c4 e6 2. d4 d5 3. Nc3 h6 4. e4 dxe4 5. Nxe4 Bb4+ 6. Nc3 c5 7.
Be3 cxd4 8. Qxd4 Qxd4 9. Bxd4 Nf6 10. a3 Be7 11. Be2 Bd7 12. O-O-O Bc6 13. Nf3 Nbd7 14. b4 a6 15. Kb2 O-O 16. h3 Rac8 17. c5 Nd5 18.
Nxd5 Bxd5 19. Rhg1 Bf6 20. Bxf6 Nxf6 21. Ne5 Ne4 22.
f3 Ng3 23. Bc4 Bxc4 24. Nxc4 Rfd8 25. Nd6 Rb8 26. Nc4 Nf5 27. Kc3 Kf8 28. Rge1 Nh4 29. Rxd8+ Rxd8 30. Re2 Ng6 31. Nd6 Rd7 32. g3 Ne7 33.
Kc4 b5+ 34. Kd4 Nc6+ 35. Kc3 Ke7 36. Rd2 Rc7 37. Re2 Rd7 38. Nf5+ Kf6 39. Nd6 Ke7 1/2-1/2

[Event "Late-Titled-Tuesday-Blitz-September-26-2023"]
[Site "Chess.com"]
[Date "2023.09.26"]
[Round "9"]
[White "GianmarcoVaR"]
[Black "platy3"]
[Result "0-1"]
[WhiteElo "2624"]
[BlackElo "2893"]
[TimeControl "180+1"]
[EndTime "15:40:58 PDT"]
[Termination "platy3 won by checkmate"]

1. Nf3 Nf6 2. g3 b5 3. Bg2 Bb7 4. O-O e6 5. d3 c5 6. Nbd2 d5 7. e4 Be7 8. Re1 O-O 9. e5 Nfd7 10. Nf1 Nc6 11. h4 Qc7 12. Bf4 Rfc8 13. h5 h6 14. N1h2 a5 15. Ng4 Qd8 16. Qd2 b4 17. Bxh6 gxh6 18.
Nxh6+ Kg7 19. Qf4 Qf8 20. Ng4 Kh7 21. h6 Qg8 22. Bh3 Qg6 23. c3 Ba6 24. Rad1 Rg8 25. d4 Raf8 26. Kh2 Bg5 27. Nxg5+ Qxg5 28. Qxg5 Rxg5 29.
f4 Rg6 30. Kg2 Rfg8 31. Kf3 Ne7 32. Rg1 Nf5 33. Rg2 a4 34. Rdg1 cxd4 35. cxd4 Nxd4+ 36. Ke3 Nf5+ 37. Kf3 Bd3 38. Nf2 Bc4 39. b3 axb3 40.
Bxf5 exf5 41. axb3 Bxb3 42. Nd1 d4 43. Rb2 Bxd1+ 44. Kf2 Bh5 45. Rxb4 Nc5 46. Rxd4 Ne4+ 47. Ke1 Ra6 48. Kf1 Kh8 49. Rg2 Ra1+ 50. Rd1 Rxd1# 0-1

[Event "Late-Titled-Tuesday-Blitz-September-26-2023"]
[Site "Chess.com"]
[Date "2023.09.26"]
[Round "9"]
[White "rikchessmx"]
[Black "Jaka_Brilej"]
[Result "0-1"]
[WhiteElo "2356"]
[BlackElo "2509"]
[TimeControl "180+1"]
[EndTime "15:40:58 PDT"]
[Termination "Jaka_Brilej won by resignation"]

1. e4 e6 2. d4 d5 3. Nc3 Nf6 4. Bg5 dxe4 5. Nxe4 Be7 6. Bxf6 gxf6 7. Nf3 a6 8. Bc4 f5 9. Nc3 b5 10. Bb3 b4 11. Ne2 Bb7 12. Nf4 O-O 13. Bxe6 fxe6 14. Nxe6 Qd5 15. Nxf8 Qe4+ 16. Qe2 Bxf8 17. Qxe4 Bxe4 18. O-O-O Bxf3 19. gxf3 Bd6 20. Kb1 Nd7 21. Rhg1+ Kf7 22. Rg5 Kf6 23. Rh5 Nf8 24. Rg1 Re8 25. c4 bxc3 26. bxc3 Re7 27. Rgg5 Ng6 28. Rxf5+ Kg7 29.
c4 Re1+ 30. Kc2 Re2+ 31. Kb3 Rxf2 32. c5 Bxh2 33. Rd5 Rxf3+ 34. Kc4 Bf4 35. Rd7+ Kf6 36. Rhxh7 Rf2 37. a4 c6 38. Ra7 Rf3 39. Rxa6 Ne7 40. Ra7 Nd5 41. Raf7+ Ke6 42. Rh6+ Kxf7 43. Rxc6 Ne7 44.
Ra6 Rf1 45. d5 Rc1+ 46. Kb5 Nxd5 47. c6 Nc7+ 48. Kb6 Nxa6 49. Kxa6 Rxc6+ 50. Kb5 Rc1 0-1

[Event "Late-Titled-Tuesday-Blitz-September-26-2023"]
[Site "Chess.com"]
[Date "2023.09.26"]
[Round "9"]
[White "Oleksandr_Bortnyk"]
[Black "Njal28"]
[Result "0-1"]
[WhiteElo "3011"]
[BlackElo "3104"]
[TimeControl "180+1"]
[EndTime "15:41:00 PDT"]
[Termination "Njal28 won on time"]

1. d4 Nc6 2. d5 Ne5 3. g3 d6 4. Bg2 Nf6 5. Nf3 Nxf3+ 6. exf3 e5 7. O-O Be7 8. f4 exf4 9. Bxf4 O-O 10. c4 Bg4 11.
Qd2 Nd7 12. h3 Bf5 13. Re1 Nc5 14. Be3 Bf6 15. Nc3 h6 16. g4 Bh7 17. f4 Re8 18. f5 Nd7 19. Re2 Bg5 20. Rae1 Bxe3+ 21. Rxe3 Rxe3 22. Qxe3 Ne5 23. b3 Kh8 24. Ne4 b6 25. f6 g5 26. Rf1 Qf8 27. Ng3 Re8 28.
Be4 Bxe4 29. Qxe4 Ng6 30. Qf3 Re5 31. Nf5 Kh7 32. Rf2 Qe8 33. Kh2 Qd8 34. Nd4 Qg8 35. Re2 Qe8 36. Kg1 Nf4 37. Rxe5 Qxe5 38. Nb5 Qe1+ 39. Kh2 Ng6 40. Nxc7 Nh4 41. Qd3+ Kg8 42. Qg3 Qe2+ 43. Kh1 Qf1+ 44. Kh2 Nf3+ 45. Qxf3 Qxf3 46.
Nb5 Qxf6 0-1

[Event "Late-Titled-Tuesday-Blitz-September-26-2023"]
[Site "Chess.com"]
[Date "2023.09.26"]
[Round "9"]
[White "Goryachkina"]
[Black "FairChess_on_YouTube"]
[Result "0-1"]
[WhiteElo "2679"]
[BlackElo "3076"]
[TimeControl "180+1"]
[EndTime "15:41:00 PDT"]
[Termination "FairChess_on_YouTube won on time"]

1. e4 e6 2. d4 d5 3. Nc3 Nc6 4. Nf3 Nf6 5. e5 Ne4 6. Bd3 Bb4 7. Bd2 Nxd2 8. Qxd2 Be7 9. O-O Nb4 10. Bb5+ c6 11. Ba4 Bd7 12. Ne2 c5 13. Bxd7+ Qxd7 14. c3 Nc6 15. Ng3 h5 16. h4 O-O-O 17. dxc5 Bxc5 18. b4 Bb6 19. a4 Bc7 20. Rfe1 f6 21. exf6 gxf6 22.
a5 Rdg8 23. Qe3 Bxg3 24. fxg3 Rxg3 25. b5 Ne5 26. Qc5+ Kb8 27. Nxe5 fxe5 28. Rxe5 Rc8 29. Qf2 Rgxc3 30. b6 Qd6 31. Rae1 Rc1 32. bxa7+ Ka8 33. Re2 d4 34. Rd2 e5 35. Kh2 e4+ 36. Kh3 e3 0-1

[Event "Late-Titled-Tuesday-Blitz-September-26-2023"]
[Site "Chess.com"]
[Date "2023.09.26"]
[Round "9"]
[White "Slovak_fighter2000"]
[Black "vova-79"]
[Result "0-1"]
[WhiteElo "2465"]
[BlackElo "2607"]
[TimeControl "180+1"]
[EndTime "15:41:03 PDT"]
[Termination "vova-79 won on time"]

1. d4 d5 2. Nf3 Nf6 3. c4 c6 4. Nc3 e6 5. g3 dxc4 6. Bg2 b5 7. O-O Bb7 8. e4 a6 9. e5 Nd5 10. Ng5 Nxc3 11. bxc3 h6 12. Qh5 g6 13. Qh3 Nd7 14. Nxe6 fxe6 15. Qxe6+ Qe7 16. Qxg6+ Qf7 17. Qe4 Qe7 18. f4 Nb6 19. f5 O-O-O 20. Bh3 Kb8 21.
f6 Qc7 22. e6 c5 23. Qf5 Qc6 24. Bf4+ Bd6 25. d5 Nxd5 26. Bg2 Bxf4 27. Rxf4 Qd6 28.
e7 Nxe7 29. fxe7 Qxe7 30. Bxb7 Kxb7 31. Qf7 Rd7 32. Qxe7 Rxe7 33. Rb1 Rhe8 34. Kg2 Kc6 35. Rf2 Re2 36. Rf1 b4 37. Rc1 Kb5 0-1

[Event "Late-Titled-Tuesday-Blitz-September-26-2023"]
[Site "Chess.com"]
[Date "2023.09.26"]
[Round "9"]
[White "Cmorales2001"]
[Black "GMJustin"]
[Result "1-0"]
[WhiteElo "2423"]
[BlackElo "2213"]
[TimeControl "180+1"]
[EndTime "15:41:03 PDT"]
[Termination "Cmorales2001 won on time"]

1. e4 e5 2. Nf3 Nc6 3. Bb5 a6 4. Ba4 Nf6 5. O-O Be7 6. c3 O-O 7. Re1 d6 8. h3 b5 9. Bb3 Nb8 10. d3 Nbd7 11. Nbd2 Bb7 12. Nf1 Nc5 13. Bc2 Re8 14.
Ng3 Bf8 15. Bg5 Ne6 16. Be3 g6 17. Qd2 Bg7 18. Bh6 Bxh6 19. Qxh6 Nf4 20. Ne2 Nxe2+ 21.
Rxe2 Qe7 22. Rae1 Qf8 23. Qd2 Nh5 24. d4 Nf4 25. Re3 Rad8 26. g3 Nh5 27. R3e2 Kg7 28. Nh2 Nf6 29. f4 exd4 30. cxd4 d5 31. e5 Ne4 32. Qe3 c5 33. dxc5 Qxc5 34. Qxc5 Nxc5 35. Rd2 Ne4 36. Rd3 f6 37. exf6+ Nxf6 38. Red1 Re4 39. Bb3 Re2 40. R3d2 Rxd2 41. Rxd2 Ne4 42. Rd3 Nc5 43. Rd4 Nxb3 44. axb3 Rc8 45. Rd2 Rc1+ 46. Kf2 b4 47. Nf3 a5 48. Ne5 Kf6 49. Ng4+ Ke7 50. Ne3 1-0

[Event "Late-Titled-Tuesday-Blitz-September-26-2023"]
[Site "Chess.com"]
[Date "2023.09.26"]
[Round "9"]
[White "JoakimVonAnd"]
[Black "MITerryble"]
[Result "1-0"]
[WhiteElo "2748"]
[BlackElo "2938"]
[TimeControl "180+1"]
[EndTime "15:41:05 PDT"]
[Termination "JoakimVonAnd won on time"]

1. Nf3 d5 2. g3 Nf6 3. Bg2 c6 4.
O-O Bg4 5. c4 dxc4 6. a4 Nbd7 7.
Na3 Bxf3 8. Bxf3 Ne5 9. Bg2 Qd4 10. Rb1 Rd8 11. Qc2 Nd5 12. b4 c3 13. dxc3 Qxc3 14. Qe4 Nf6 15. Qf4 g5 16. Qxg5 Ng6 17. Qe3 Qxe3 18.
Bxe3 Ng4 19. Bxa7 Ra8 20. Bb6 Rxa4 21. Rfd1 f5 22. Nc4 N6e5 23. Nxe5 Nxe5 24. Bd4 Ng6 25. Bxh8 Nxh8 26. b5 cxb5 27. Rxb5 f4 28. Rxb7 Ra5 29. Bd5 Bg7 30. Be6 Ra8 31. Rdb1 Be5 32. R7b5 Ng6 33. Bf5 Bd6 34. Kg2 Kf7 35. Rb7 Ra2 36. Bd3 Kf6 37. R7b6 fxg3 38. hxg3 Ne5 39. Ba6 h6 40. Rh1 Nd7 41.
Rc6 1-0

[Event "Late-Titled-Tuesday-Blitz-September-26-2023"]
[Site "Chess.com"]
[Date "2023.09.26"]
[Round "9"]
[White "Byniolus"]
[Black "nOcHeaTiNgKiD"]
[Result "0-1"]
[WhiteElo "2757"]
[BlackElo "2625"]
[TimeControl "180+1"]
[EndTime "15:41:06 PDT"]
[Termination "nOcHeaTiNgKiD won by checkmate"]

1. d4 Nf6 2. Nf3 e6 3. Bf4 d5 4. e3 c5 5. c3 Nc6 6. Nbd2 Nh5 7. Be5 f6 8. Bg3 Nxg3 9. hxg3 g6 10. Bd3 f5 11. g4 Qf6 12. gxf5 gxf5 13. g3 Bd7 14.
Qe2 O-O-O 15. O-O-O c4 16. Bc2 b5 17. Rh4 Bd6 18.
Rdh1 h6 19. Qf1 Rdg8 20. Qh3 Bf8 21. Ng1 e5 22. f4 e4 23. Ne2 Rg4 24. Rxg4 fxg4 25.
Qh5 Ne7 26. Nf1 Qf5 27. Qh2 h5 28. Kd1 Ng6 29. Kd2 Be7 30. b3 Rh7 31. a4 a6 32.
axb5 axb5 33. bxc4 dxc4 34. Qf2 Bc6 35. d5 Qxd5+ 36.
Nd4 b4 37. f5 Ne5 38. f6 Nf3+ 39. Qxf3 gxf3 40. fxe7 bxc3+ 41. Kxc3 Qa5+ 42. Kb2 Qb6+ 43. Kc1 Rxe7 44. Nd2 c3 45. Nc4 Qa6 46. Nd6+ Kd7 47.
N6f5 Qa1+ 48. Bb1 Qb2+ 49. Kd1 Qd2# 0-1

[Event "Late-Titled-Tuesday-Blitz-September-26-2023"]
[Site "Chess.com"]
[Date "2023.09.26"]
[Round "9"]
[White "RebecaJimnz"]
[Black "topin8"]
[Result "0-1"]
[WhiteElo "2210"]
[BlackElo "2422"]
[TimeControl "180+1"]
[EndTime "15:41:06 PDT"]
[Termination "topin8 won by resignation"]

1. e4 e5 2. d4 exd4 3. Qxd4 Nc6 4. Qe3 d6 5. Nc3 Nf6 6. Bd2 Be7 7. O-O-O O-O 8. f4 Re8 9. Bd3 Bf8 10. Qf2 Nb4 11.
Nf3 Nxd3+ 12. cxd3 d5 13. e5 Ng4 14. Qg3 Nh6 15. h3 Bf5 16. Nd4 c5 17. Nxf5 Nxf5 18. Qf2 b5 19. g4 Nd4 20. Qg2 Qa5 21. Kb1 b4 22. Nxd5 Rac8 23. g5 Qa6 24. Be3 Nf5 25. Rhg1 Red8 26. Qg4 Rxd5 27. Qxf5 Rcd8 28. e6 Rxf5 29.
exf7+ Rxf7 30. h4 Rfd7 31. f5 Rxd3 32. Rde1 Rxe3 33. Rxe3 c4 34. f6 Bc5 35. f7+ Kxf7 36.
Rf1+ Kg8 37. Ref3 Qg6+ 38. Ka1 c3 39. bxc3 bxc3 0-1

[Event "Late-Titled-Tuesday-Blitz-September-26-2023"]
[Site "Chess.com"]
[Date "2023.09.26"]
[Round "9"]
[White "CURRUTACO59"]
[Black "dadice10"]
[Result "1-0"]
[WhiteElo "2247"]
[BlackElo "2230"]
[TimeControl "180+1"]
[EndTime "15:41:07 PDT"]
[Termination "CURRUTACO59 won on time"]

1. Nf3 Nf6 2. d4 g6 3. c4 Bg7 4. g3 O-O 5. Bg2 c6 6. O-O d5 7. cxd5 cxd5 8. Ne5 Nc6 9. Nxc6 bxc6 10. Nc3 Nd7 11.
Bf4 e5 12. dxe5 Nxe5 13. Rc1 Nc4 14. Qc2 Qa5 15. b3 Na3 16. Qd2 Re8 17. e3 Bd7 18. Rfd1 a6 19. Na4 Qxd2 20. Rxd2 h6 21. Bd6 Nb5 22. Bc5 Rad8 23. Bb6 Rb8 24. Ba5 Be5 25. Nc5 Bc8 26. Nd3 Bd6 27. Rxc6 Ba3 28. Rcc2 Bf5 29.
Rc6 d4 30. e4 Bxe4 31. Bxe4 Rxe4 32. Rxa6 Rbe8 33. Kg2 Re2 34. Rxe2 Rxe2 35. Nf4 1-0

[Event "Late-Titled-Tuesday-Blitz-September-26-2023"]
[Site "Chess.com"]
[Date "2023.09.26"]
[Round "9"]
[White "vugarrasulov"]
[Black "sofaceindisguise"]
[Result "1-0"]
[WhiteElo "2952"]
[BlackElo "2722"]
[TimeControl "180+1"]
[EndTime "15:41:09 PDT"]
[Termination "vugarrasulov won by resignation"]

1. e4 c5 2. Nf3 e6 3. d4 cxd4 4. Nxd4 a6 5. g3 d6 6. Bg2 Nf6 7. O-O Be7 8. c4 O-O 9. Nc3 Qc7 10. b3 Bd7 11. Be3 Nc6 12. Rc1 Nxd4 13. Bxd4 Rac8 14. h3 Rfd8 15. g4 Be8 16. Qe2 Qb8 17. Bb6 Rd7 18. f4 Rc6 19. Bd4 e5 20. Be3 Rd8 21. f5 h6 22. h4 Nh7 23. Qf2 b5 24. Nd5 Qb7 25.
Qg3 Rdc8 26. g5 hxg5 27. hxg5 bxc4 28. bxc4 Rxc4 29. Rb1 Bb5 30. f6 Bf8 31. g6 fxg6 32.
Qxg6 Qf7 33. Qg4 Rc2 34. Rf3 Be2 35. Rbf1 Bxf3 36. Rxf3 Kh8 37. Rh3 gxf6 38. Rg3 Bg7 39. Qf5 Rg8 40. Rh3 Rxg2+ 41. Kxg2 Bh6+ 42. Kf3 Bxe3 43. Nxf6 Rg7 44. Qc8+ Rg8 45. Qf5 Rg7 46. Kxe3 Qa7+ 47.
Kf3 Qf7 48. Rh6 Qc7 49. Nd5 Rf7 50. Rxh7+ Rxh7 51. Nxc7 1-0

[Event "Late-Titled-Tuesday-Blitz-September-26-2023"]
[Site "Chess.com"]
[Date "2023.09.26"]
[Round "9"]
[White "moro182"]
[Black "Rutricks"]
[Result "1-0"]
[WhiteElo "2907"]
[BlackElo "2688"]
[TimeControl "180+1"]
[EndTime "15:41:09 PDT"]
[Termination "moro182 won on time"]

1. d4 g6 2. e4 Bg7 3. Nc3 c6 4.
h3 d5 5. e5 f6 6. f4 Nh6 7. Be3 O-O 8. Be2 fxe5 9. dxe5 e6 10. g4 g5 11. fxg5 Nf7 12. Qd2 Nd7 13. O-O-O Ndxe5 14. h4 b6 15. h5 c5 16. g6 hxg6 17. hxg6 Nxg6 18. Bd3 Nfe5 19. Qh2 Nxd3+ 20. cxd3 Qf6 21. Nge2 Rf7 22. Ng3 Nf8 23. Nh5 Qg6 24. Nxg7 Qxg7 25. Bh6 Qh7 26. Qd6 Bd7 27. Bxf8 Qg6 28. Be7 Be8 29. Qe5 Rg7 30. Bf6 Rh7 31. Rxh7 Qxh7 32. Qxe6+ Bf7 33. Qf5 Qh6+ 34. g5 Qh5 35. Nxd5 Re8 36.
Ne7+ Kf8 37. Re1 Qh4 38. Qe4 Qg3 39. g6 1-0

[Event "Late-Titled-Tuesday-Blitz-September-26-2023"]
[Site "Chess.com"]
[Date "2023.09.26"]
[Round "9"]
[White "Mesa_1"]
[Black "hansen"]
[Result "0-1"]
[WhiteElo "2629"]
[BlackElo "2904"]
[TimeControl "180+1"]
[EndTime "15:41:09 PDT"]
[Termination "hansen won by checkmate"]

1. e4 c5 2. Nf3 e6 3. d4 cxd4 4.
Nxd4 a6 5. c4 Qc7 6. Nc3 d6 7.
a3 Nf6 8. Be2 Be7 9. Be3 b6 10.
Rc1 Bb7 11. f3 Nbd7 12. Qd2 O-O 13. g4 Rfc8 14. g5 Ne8 15. h4 Qd8 16. h5 Ne5 17.
b3 d5 18. f4 Nd7 19. g6 dxc4 20. gxf7+ Kxf7 21. Bxc4 Rxc4 22. bxc4 Bxa3 23. Rd1 Nf8 24. h6 g6 25. Kf2 Nf6 26. Nf3 Qc7 27. Bd4 Rd8 28.
Qa2 Rxd4 29. Rxd4 Bc5 30. Qd2 Kg8 31. Ke2 Nh5 32. Rd1 Nxf4+ 33. Kf1 Nh5 34. Rd8 Qf7 35. Qg2 Qf6 36. R1d3 Nf4 37. e5 Qf7 38. Ng5 Bxg2+ 39.
Ke1 Nxd3+ 40. Kd2 Qf2+ 41. Kxd3 Bf1+ 42. Ke4 Qf5# 0-1

[Event "Late-Titled-Tuesday-Blitz-September-26-2023"]
[Site "Chess.com"]
[Date "2023.09.26"]
[Round "9"]
[White "krzyzan94"]
[Black "JoseRemolar"]
[Result "1-0"]
[WhiteElo "2786"]
[BlackElo "2427"]
[TimeControl "180+1"]
[EndTime "15:41:09 PDT"]
[Termination "krzyzan94 won by resignation"]

1. d4 Nf6 2. Nf3 g6 3. g3 Bg7 4. Bg2 O-O 5. c4 d6 6. O-O Nc6 7. Nc3 a6 8. d5 Na5 9. b3 c5 10. dxc6 Nxc6 11. Bb2 Rb8 12. Rc1 Bd7 13. Qd2 b5 14.
cxb5 axb5 15. Nd5 Ne4 16. Qc2 Bxb2 17. Qxb2 e6 18. Ne3 d5 19. Ng4 f6 20. Nd4 Nxd4 21. Qxd4 Nd6 22. Ne3 Rc8 23. Qa7 Ra8 24. Qc5 Qe7 25.
Nxd5 exd5 26. Bxd5+ Kg7 27. Bxa8 Rxa8 28. Rfd1 Rc8 29.
Qa3 Rxc1 30. Qxc1 Nf5 31. Qc7 Be6 32. Qxe7+ Nxe7 33. e4 Kf7 34. Rd6 Nc8 35. Rc6 Ke7 36. Rc7+ Bd7 37. f4 Kd6 38. Rc2 Bc6 39. Kf2 Bxe4 40. Rxc8 1-0

[Event "Late-Titled-Tuesday-Blitz-September-26-2023"]
[Site "Chess.com"]
[Date "2023.09.26"]
[Round "9"]
[White "HajiyevKanan"]
[Black "Journey_to_GrandMaster_YT"]
[Result "0-1"]
[WhiteElo "2492"]
[BlackElo "2594"]
[TimeControl "180+1"]
[EndTime "15:41:12 PDT"]
[Termination "Journey_to_GrandMaster_YT won by checkmate"]

1. d4 d6 2. Nf3 Nf6 3. g3 Nbd7 4. Bg2 e5 5. c4 c6 6. Nc3 e4 7. Ng5 d5 8. cxd5 cxd5 9. f3 exf3 10. Bxf3 Nb6 11.
O-O h6 12. e4 hxg5 13. e5 Ng8 14. Bh5 Be6 15. Qf3 Nh6 16. h4 Be7 17. Nb5 g6 18. hxg5 Bxg5 19. Nd6+ Kd7 20. Nxb7 Qe7 21. Nc5+ Ke8 22.
Nxe6 Bxc1 23. Ng7+ Kf8 24. Bxg6 Kxg7 25. Raxc1 fxg6 26. Rc6 Raf8 27. Rf6 Nf5 28. Qg4 Rxf6 29. exf6+ Qxf6 30. Rf4 Nc8 31. Qe2 Ncd6 32. Qa6 Re8 33. Qxa7+ Re7 34.
Qa6 Ne4 35. Qf1 Nexg3 36. Qf3 Qg5 37. Rg4 Qc1+ 38. Kg2 Re2+ 39. Kh3 Qh6+ 40. Rh4 Qxh4# 0-1

[Event "Late-Titled-Tuesday-Blitz-September-26-2023"]
[Site "Chess.com"]
[Date "2023.09.26"]
[Round "9"]
[White "Dacean99"]
[Black "Defenstrator"]
[Result "0-1"]
[WhiteElo "2538"]
[BlackElo "2404"]
[TimeControl "180+1"]
[EndTime "15:41:13 PDT"]
[Termination "Defenstrator won by resignation"]

1. d4 g6 2. Nf3 Bg7 3. h4 Nf6 4. Nc3 d5 5. Bg5 Ne4 6. e3 c5 7.
Bb5+ Nc6 8. Ne5 Nxc3 9. bxc3 Qa5 10. Bxc6+ bxc6 11. O-O f6 12. Nxc6 Qc7 13. Nxe7 Qxe7 14. Bf4 Be6 15. c4 O-O 16. cxd5 Bxd5 17. Qd3 cxd4 18.
Qxd4 Qe4 19. Qxe4 Bxe4 20. c4 Rfc8 21. Rac1 Bd3 22. Rfd1 Rxc4 23. Rxc4 Bxc4 24. a4 Bb3 25. Rd4 a5 26. Bc7 f5 27. Rf4 Rc8 28. Bxa5 Rc1+ 29.
Kh2 Be5 30. Bd2 Bxf4+ 31. exf4 Rc2 32. Be3 Bxa4 33. h5 gxh5 34. Kg3 Bc6 35. Kh4 Bxg2 36. Kxh5 Be4 37. Kh6 Ra2 38. Kg5 Ra1 39. Kf6 Rg1 40. Ke5 h5 41. Bd4 h4 42. f3 Re1 43. Bf2 h3 44. Bxe1 h2 45. fxe4 h1=Q 46. Kxf5 Qxe1 47. e5 Kf7 48. Kg5 Qe4 49. Kg4 Ke6 50. Kg5 Qf5+ 0-1

[Event "Late-Titled-Tuesday-Blitz-September-26-2023"]
[Site "Chess.com"]
[Date "2023.09.26"]
[Round "9"]
[White "Bilan_Danila"]
[Black "karinachess1"]
[Result "1-0"]
[WhiteElo "2521"]
[BlackElo "2613"]
[TimeControl "180+1"]
[EndTime "15:41:15 PDT"]
[Termination "Bilan_Danila won on time"]

1. d4 Nf6 2. Nf3 e6 3. g3 d5 4.
Bg2 b5 5. O-O Be7 6. a4 b4 7. c4 O-O 8. b3 c5 9. cxd5 exd5 10.
dxc5 Bxc5 11. Bb2 Nc6 12. Nd4 Bb7 13. Nxc6 Bxc6 14. Nd2 Qd6 15. Rc1 Nd7 16. Ne4 dxe4 17. Qxd6 Bxd6 18. Rxc6 Be5 19. Bxe5 Nxe5 20. Rc5 Rfe8 21.
Bxe4 Rad8 22. Bd5 Rd7 23. e4 Red8 24. Kg2 g6 25. f4 Ng4 26. Re1 Nf6 27. Rb5 Nxd5 28.
exd5 Rxd5 29. Rxb4 Rd2+ 30. Kf3 Rb2 31. Re7 Rd3+ 32. Re3 Rdxb3 33. Rbxb3 Rxh2 34. Rb7 1-0

[Event "Late-Titled-Tuesday-Blitz-September-26-2023"]
[Site "Chess.com"]
[Date "2023.09.26"]
[Round "9"]
[White "dorpato"]
[Black "nitpicker"]
[Result "1-0"]
[WhiteElo "2045"]
[BlackElo "2233"]
[TimeControl "180+1"]
[EndTime "15:41:15 PDT"]
[Termination "dorpato won on time"]

1. e4 c5 2. Nc3 Nc6 3. g3 g6 4. Bg2 Bg7 5. d3 d6 6. Be3 Nf6 7. h3 O-O 8. Qd2 Nd4 9. Nce2 Ne8 10. c3 Nxe2 11. Nxe2 Nc7 12. Bh6 d5 13. h4 dxe4 14.
Bxe4 f5 15. h5 fxe4 16. Bxg7 Kxg7 17. hxg6 hxg6 18. Qh6+ Kf7 19. Qh7+ Ke6 20. Qxg6+ Rf6 21. Nf4+ Kd6 22. Qxe4 Bf5 23. Qe3 e5 24. Nh5 Rg6 25.
O-O-O Qg5 26. f4 exf4 27. gxf4 Qe7 28. Qf3 Bg4 29. Qxb7 Bxd1 30. Rxd1 Re8 31. f5 Rg4 32. Qxa7 Nd5 33. Qb6+ Nxb6 34. f6 Qe3+ 35. Kb1 Rg2 36.
f7 Qe1 37. f8=Q+ Rxf8 38. Rxe1 Rff2 39. Re8 Rxb2+ 40. Kc1 Nd5 41. Rd8+ Kc6 42. Rc8+ Kd6 43. Rd8+ Kc6 44. Rc8+ Kb6 45. Rb8+ Kc6 46. Rxb2 Rg1+ 47.
Kc2 1-0

[Event "Late-Titled-Tuesday-Blitz-September-26-2023"]
[Site "Chess.com"]
[Date "2023.09.26"]
[Round "9"]
[White "cthake"]
[Black "AlexandraBotez"]
[Result "0-1"]
[WhiteElo "1904"]
[BlackElo "2240"]
[TimeControl "180+1"]
[EndTime "15:41:15 PDT"]
[Termination "AlexandraBotez won on time"]

1. e4 e6 2. d4 d5 3. Nc3 Nf6 4. Bg5 Bb4 5. e5 h6 6. Bd2 Bxc3 7.
bxc3 Ne4 8. Qg4 Kf8 9. h4 Nxd2 10. Kxd2 c5 11. Bd3 c4 12. Be2 Nc6 13. Qf4 Bd7 14. Rh3 Qe7 15. Bh5 Kg8 16. Rg3 Rh7 17. Nf3 Rf8 18. Qe3 Be8 19. Nh2 f5 20. Bxe8 Qxe8 21.
Qf4 b5 22. Nf3 b4 23. Rb1 a5 24. Nh2 Qe7 25. h5 bxc3+ 26. Rxc3 Qa7 27. Nf3 Nb4 28. a3 Na2 29. Re3 c3+ 30. Kd1 Rb8 31. Rxb8+ Qxb8 32. Ke2 Qb1 33. Kd3 Qb2 34. Re2 Nc1+ 35. Ke3 Nxe2 36. Qh4 f4+ 37. Kxe2 Qxc2+ 38. Kf1 Qb1+ 39. Ke2 Qb2+ 40.
Kf1 Qb5+ 41. Kg1 Qe8 42. Ne1 g5 43. Qg4 Rc7 44. Nc2 Qf7 45. g3 fxg3 46. fxg3 Rb7 0-1

[Event "Late-Titled-Tuesday-Blitz-September-26-2023"]
[Site "Chess.com"]
[Date "2023.09.26"]
[Round "9"]
[White "emeli_chess"]
[Black "Rainbow2014"]
[Result "0-1"]
[WhiteElo "2358"]
[BlackElo "2427"]
[TimeControl "180+1"]
[EndTime "15:41:18 PDT"]
[Termination "Rainbow2014 won on time"]

1. d4 Nf6 2. c4 e6 3. Nc3 Bb4 4. Qc2 O-O 5. e4 d5 6. e5 Ne4 7. Bd3 c5 8. Nf3 cxd4 9. Nxd4 Nd7 10. Bf4 Qh4 11. g3 Qh5 12. O-O g5 13. cxd5 Bxc3 14.
bxc3 exd5 15. e6 gxf4 16. exd7 Bxd7 17. Bxe4 dxe4 18. Qxe4 Bh3 19. Rfe1 fxg3 20. hxg3 Rae8 21. Qxe8 Rxe8 22. Rxe8+ Kg7 23. Rae1 Qd5 24. R1e4 Qxa2 25. g4 Qa1+ 26. Kh2 Qf1 27. Kg3 Qg2+ 28. Kh4 Qh2 29.
Nf5+ Kf6 30. Kh5 Bg2+ 31. Nh4 Bxe4 32. Rxe4 Qxf2 33. Nf5 Qh2+ 34. Nh4 Kg7 35. Kg5 Qd2+ 36. Kf5 Qxc3 37. g5 a5 38. Kg4 Qc2 39. Nf5+ Kf8 40.
Rd4 Qc8 41. Kf4 b5 42. Nd6 Qb8 43. Kf5 b4 44. Kf6 Qd8+ 45. Kf5 Qd7+ 46. Kf4 b3 47. Nf5 Qc7+ 48. Kg4 b2 0-1

[Event "Late-Titled-Tuesday-Blitz-September-26-2023"]
[Site "Chess.com"]
[Date "2023.09.26"]
[Round "9"]
[White "NigelDwarf"]
[Black "cristiano78"]
[Result "1-0"]
[WhiteElo "2518"]
[BlackElo "2255"]
[TimeControl "180+1"]
[EndTime "15:41:19 PDT"]
[Termination "NigelDwarf won on time"]

1. f4 Nf6 2. Nf3 g6 3. g3 Bg7 4. Bg2 Kf8 5. O-O d5 6. d3 c6 7. Nbd2 Nbd7 8. e4 dxe4 9. dxe4 Qb6+ 10. Kh1 Ng4 11. Qe2 Ne3 12. Nc4 Nxc4 13. Qxc4 Nf6 14. Ng5 e6 15. f5 h6 16. e5 gxf5 17. exf6 Bxf6 18. Ne4 Be7 19. Qc3 Rh7 20. Be3 Qb4 21.
Nf6 Qxc3 22. Nxh7+ Kg7 23. bxc3 Kxh7 24. g4 Kg6 25. gxf5+ exf5 26. Rg1 Bg5 27. Bf3 Kf6 28. Bd4+ Ke7 29. Rae1+ Be6 30. Bc5+ Kd7 31. Rd1+ Kc7 32. Bd6+ Kb6 33. Rb1+ Ka6 34. Rb4 Rd8 35. Rgb1 b5 36. Bc7 Rd2 37. Bxc6 Bd5+ 38. Bxd5 Rxd5 39.
c4 bxc4 40. Ra4+ 1-0

[Event "Late-Titled-Tuesday-Blitz-September-26-2023"]
[Site "Chess.com"]
[Date "2023.09.26"]
[Round "9"]
[White "reevecanada"]
[Black "bazar-wokzal"]
[Result "1/2-1/2"]
[WhiteElo "2542"]
[BlackElo "2673"]
[TimeControl "180+1"]
[EndTime "15:41:22 PDT"]
[Termination "Game drawn by repetition"]

1. e4 Nc6 2. Nf3 d5 3. exd5 Qxd5 4. Nc3 Qa5 5. d4 Bg4 6. d5 O-O-O 7. h3 Bxf3 8. Qxf3 Nb4 9. Bd3 Nf6 10. O-O Nbxd5 11.
Bd2 e6 12. Rad1 Bb4 13. Nxd5 exd5 14. Bg5 Be7 15. Rfe1 Rhe8 16. c3 Kb8 17. b4 Qxa2 18.
Ra1 Qb3 19. Bb5 c6 20. Bf4+ Bd6 21. Bxd6+ Rxd6 22. Rxe8+ Nxe8 23. Qxf7 Nf6 24. Qf8+ Kc7 25. Qxg7+ Kb6 26. Qf8 Qxc3 27. Qxd6 Qxa1+ 28. Bf1 a6 29. Qe7 Ne4 30. Qxh7 Qd4 31. Qf5 Qxb4 32. h4 a5 33. h5 a4 34. h6 Qd4 35. h7 a3 36. Qf8 a2 37. Qd8+ Kc5 38. Qa5+ Kd6 39. Qa3+ c5 40.
Qxa2 Qg7 41. f3 Qd4+ 42. Kh2 Qe5+ 43. Kg1 Qd4+ 44. Kh2 Qe5+ 45. Kg1 Qd4+ 1/2-1/2

[Event "Late-Titled-Tuesday-Blitz-September-26-2023"]
[Site "Chess.com"]
[Date "2023.09.26"]
[Round "9"]
[White "SlipperySpeedster"]
[Black "venturov"]
[Result "1-0"]
[WhiteElo "2644"]
[BlackElo "2493"]
[TimeControl "180+1"]
[EndTime "15:41:22 PDT"]
[Termination "SlipperySpeedster won by resignation"]

1. Nf3 Nf6 2. b3 e6 3. Bb2 c5 4. e3 b6 5. d4 cxd4 6. exd4 Be7 7. Nbd2 O-O 8. Bd3 Bb7 9. O-O d6 10. Re1 Nbd7 11. c4 Rc8 12. a3 Qc7 13. Nf1 Qb8 14. Ng3 Qa8 15. Nf5 exf5 16. Rxe7 Be4 17. b4 Rfe8 18.
Rxe8+ Rxe8 19. d5 Qc8 20. Rc1 Qc7 21. Nd4 Ne5 22. Bf1 f4 23. Nb5 Qd7 24. c5 dxc5 25. bxc5 bxc5 26. Rxc5 f3 27. g3 h5 28. Nc7 Nd3 29.
Bxd3 Bxd3 30. Nxe8 Qh3 31. Nxf6+ gxf6 32. Rc8+ Kg7 33.
Bxf6+ Kxf6 34. Qxf3+ Bf5 35. Rc6+ Kg7 36. Qc3+ Kh7 37.
Rf6 Bg6 38. Rf4 Qd7 39. Qd4 Qb5 40. d6 Qb1+ 41. Kg2 Qb7+ 42. f3 Qa6 43. Qd2 Qc8 44. d7 Qd8 45. Rc4 Bf5 46. Rc8 Qxd7 47. Qxd7 Bxd7 48. Rc7 Be6 49. Rxa7 h4 50. a4 h3+ 51.
Kf2 Kg6 52. a5 Kg5 53. Rc7 Kf6 54. a6 Ke5 55. a7 Kd6 56. Rc1 Bd5 57. Rd1 Ke6 58.
Rxd5 Kxd5 59. a8=Q+ Kd4 60. Qe4+ Kc5 61. Qe5+ Kc6 62.
Ke3 Kd7 63. Kd4 f6 64. Qxf6 1-0